[ AOE2 MATCH · #506831269 ]
UnrankedTatars vs Khitans
Player's team · WIN
Rival team · LOSS
[ REPLAY ANALYSIS · EXTRACTED FROM THE RECORDED GAME ]
Feudal
10:55
Castle
21:09
Imperial
43:12
| APM avg | 63.8 |
| APM peak | 129 |
| eAPM avg | 30.8 |
| Villagers / military | 182 / 258 |
Focus
⚔️ 38.3% · 🌾 61.7%
Scout Cavalry ×113 · Cavalry Archer ×89 · Archer ×16 · Keshik ×16 · Mangonel ×6 · Spearman ×5
Feudal
9:16
Castle
20:04
Imperial
36:22
| APM avg | 55.9 |
| APM peak | 93 |
| eAPM avg | 22.3 |
| Villagers / military | 165 / 166 |
Focus
⚔️ 37.0% · 🌾 63.0%
Skirmisher ×93 · Cavalry Archer ×43 · Scout Cavalry ×19 · Unknown (1920) ×8 · Trebuchet (Packed) ×6 · Iron Pagoda ×4
Match map
Initial resources + every placement click. Lines = walls · curves = elevation contours. ◆ gold · ⬟ stone · ● berries · ✦ relic · ◌ wall gap
Your base· Open — opponent sealed themselves in
andylam's base· ✓ Closed at 20:04 · 58t walls · 1 gate(s)
Smoothed initial terrain · ◌ = detected wall gap · hover for details
Inputs per minute
— 短路 - - andylam
Build order — 短路
First 150 of 686 actions detected
| 0:00 | Queue | Villager (Male) |
| 0:01 | Queue | Villager (Male) |
| 0:02 | Build | House |
| 0:03 | Build | House |
| 0:08 | Queue | Villager (Male) |
| 0:08 | Queue | Villager (Male) |
| 1:25 | Queue | Villager (Male) |
| 1:57 | Queue | Villager (Male) |
| 2:07 | Build | Lumber Camp |
| 2:21 | Queue | Villager (Male) |
| 2:50 | Queue | Villager (Male) |
| 3:17 | Queue | Villager (Male) |
| 3:17 | Queue | Villager (Male) |
| 3:37 | Queue | Villager (Male) |
| 3:38 | Queue | Villager (Male) |
| 3:38 | Queue | Villager (Male) |
| 3:50 | Build | House |
| 4:31 | Queue | Villager (Male) |
| 4:31 | Queue | Villager (Male) |
| 4:31 | Queue | Villager (Male) |
| 5:00 | Build | Barracks |
| 5:40 | Build | House |
| 5:47 | Queue | Militia |
| 5:53 | Queue | Villager (Male) |
| 5:55 | Build | Palisade Wall |
| 5:58 | Build | Palisade Wall |
| 5:59 | Build | Palisade Wall |
| 6:06 | Queue | Militia |
| 6:21 | Queue | Villager (Male) |
| 6:30 | Queue | Villager (Male) |
| 6:54 | Build | Mill |
| 6:59 | Queue | Villager (Male) |
| 7:10 | Build | House |
| 7:22 | Queue | Villager (Male) |
| 7:27 | Research | Loom |
| 7:47 | Build | Palisade Wall |
| 8:43 | Queue | Villager (Male) |
| 8:45 | Research | Feudal Age |
| 9:13 | Build | Mining Camp |
| 9:48 | Build | Palisade Wall |
| 10:16 | Queue | Villager (Male) |
| 10:26 | Build | Palisade Wall |
| 10:55 | Age | Feudal Age |
| 10:58 | Build | Archery Range |
| 11:00 | Research | Double-Bit Axe |
| 11:02 | Queue | Spearman |
| 11:08 | Queue | Villager (Male) |
| 11:22 | Queue | Villager (Male) |
| 11:41 | Build | Blacksmith |
| 11:42 | Queue | Archer |
| 11:55 | Build | Mill |
| 11:55 | Queue | Villager (Male) |
| 12:03 | Queue | Spearman |
| 12:14 | Build | House |
| 12:15 | Queue | Villager (Male) |
| 12:17 | Build | Palisade Wall |
| 12:30 | Queue | Archer |
| 12:31 | Queue | Villager (Male) |
| 12:33 | Research | Fletching |
| 12:39 | Build | House |
| 12:48 | Build | House |
| 12:52 | Build | Farm |
| 12:54 | Build | Farm |
| 12:54 | Queue | Archer |
| 12:56 | Queue | Villager (Male) |
| 13:01 | Queue | Spearman |
| 13:08 | Build | Farm |
| 13:15 | Queue | Archer |
| 13:17 | Queue | Villager (Male) |
| 13:27 | Build | Farm |
| 13:32 | Build | House |
| 13:35 | Queue | Spearman |
| 13:37 | Queue | Villager (Male) |
| 13:48 | Build | Farm |
| 13:50 | Queue | Archer |
| 14:03 | Queue | Archer |
| 14:06 | Build | House |
| 14:20 | Build | Palisade Wall |
| 14:26 | Queue | Villager (Male) |
| 14:27 | Build | Farm |
| 14:28 | Queue | Archer |
| 14:46 | Build | Farm |
| 14:48 | Build | Farm |
| 14:50 | Queue | Villager (Male) |
| 15:18 | Build | Farm |
| 15:18 | Queue | Archer |
| 15:21 | Queue | Villager (Male) |
| 15:39 | Build | Farm |
| 15:42 | Build | Farm |
| 15:54 | Queue | Villager (Male) |
| 16:15 | Queue | Villager (Male) |
| 16:27 | Queue | Archer |
| 16:35 | Build | Market |
| 16:36 | Build | Palisade Wall |
| 16:39 | Queue | Archer |
| 17:02 | Queue | Villager (Male) |
| 17:18 | Build | Farm |
| 17:26 | Queue | Villager (Male) |
| 17:32 | Build | House |
| 17:33 | Build | Palisade Wall |
| 17:45 | Build | Lumber Camp |
| 17:49 | Queue | Villager (Male) |
| 17:51 | Queue | Archer |
| 18:25 | Build | House |
| 18:29 | Research | Castle Age |
| 18:29 | Research | Castle Age |
| 19:01 | Queue | Archer |
| 19:09 | Queue | Spearman |
| 19:11 | Build | House |
| 19:17 | Research | Gold Mining |
| 19:17 | Research | Gold Mining |
| 19:34 | Build | Archery Range |
| 19:44 | Queue | Archer |
| 19:53 | Queue | Archer |
| 20:02 | Queue | Archer |
| 20:06 | Queue | Villager (Male) |
| 20:27 | Queue | Archer |
| 20:31 | Build | Stable |
| 20:40 | Build | Archery Range |
| 20:48 | Build | House |
| 20:54 | Queue | Villager (Male) |
| 21:09 | Age | Castle Age |
| 21:12 | Research | Crossbowman (upgrade) |
| 21:16 | Research | Bodkin Arrow |
| 21:16 | Research | Bodkin Arrow |
| 21:27 | Queue | Knight |
| 21:29 | Build | University |
| 21:31 | Queue | Villager (Male) |
| 21:33 | Queue | Cavalry Archer |
| 21:55 | Research | Bloodlines |
| 21:56 | Queue | Villager (Male) |
| 22:22 | Queue | Cavalry Archer |
| 22:22 | Queue | Cavalry Archer |
| 22:29 | Queue | Cavalry Archer |
| 22:37 | Queue | Villager (Male) |
| 22:53 | Queue | Villager (Male) |
| 23:12 | Queue | Villager (Male) |
| 23:44 | Research | Ballistics |
| 23:48 | Queue | Villager (Male) |
| 23:50 | Build | House |
| 24:01 | Build | House |
| 24:05 | Queue | Cavalry Archer |
| 24:05 | Queue | Cavalry Archer |
| 24:12 | Queue | Villager (Male) |
| 24:17 | Queue | Villager (Male) |
| 24:19 | Queue | Cavalry Archer |
| 24:19 | Queue | Cavalry Archer |
| 24:25 | Build | House |
| 24:27 | Queue | Cavalry Archer |
| 24:27 | Queue | Cavalry Archer |
Build order — andylam
First 150 of 415 actions detected
| 0:01 | Queue | Villager (Male) ×4 |
| 0:02 | Build | House |
| 0:04 | Build | House |
| 1:29 | Queue | Villager (Male) |
| 1:29 | Queue | Villager (Male) |
| 2:02 | Queue | Villager (Male) |
| 2:12 | Queue | Villager (Male) |
| 2:40 | Build | Lumber Camp |
| 2:54 | Queue | Villager (Male) |
| 2:54 | Queue | Villager (Male) |
| 3:11 | Queue | Villager (Male) |
| 3:30 | Queue | Villager (Male) |
| 3:51 | Build | House |
| 4:03 | Queue | Villager (Male) |
| 4:44 | Queue | Villager (Male) |
| 4:45 | Queue | Villager (Male) |
| 4:45 | Queue | Villager (Male) |
| 4:56 | Build | Mill |
| 5:01 | Queue | Villager (Male) |
| 5:06 | Research | Loom |
| 7:02 | Research | Feudal Age |
| 7:27 | Build | Barracks |
| 7:29 | Build | House |
| 7:51 | Build | Palisade Wall |
| 7:53 | Build | Palisade Wall |
| 7:54 | Build | Palisade Wall |
| 7:56 | Build | Palisade Wall |
| 7:59 | Build | Palisade Wall |
| 8:01 | Build | Palisade Wall |
| 8:09 | Build | Palisade Wall |
| 8:10 | Build | Palisade Wall |
| 8:11 | Build | Palisade Wall |
| 8:12 | Build | Palisade Wall |
| 8:46 | Queue | Villager (Male) |
| 9:16 | Age | Feudal Age |
| 9:19 | Build | Stable |
| 9:25 | Build | Palisade Wall |
| 9:30 | Research | Tech 1014 |
| 9:31 | Research | Double-Bit Axe |
| 9:49 | Queue | Villager (Male) |
| 10:01 | Queue | Scout Cavalry |
| 10:10 | Build | Mill |
| 10:12 | Build | House |
| 10:19 | Queue | Villager (Male) |
| 10:26 | Build | Pasture |
| 10:35 | Build | House |
| 10:38 | Queue | Scout Cavalry |
| 10:56 | Build | Palisade Wall |
| 11:05 | Build | Pasture |
| 11:20 | Queue | Villager (Male) |
| 11:31 | Build | House |
| 11:37 | Build | Pasture |
| 11:41 | Build | Pasture |
| 11:47 | Queue | Villager (Male) |
| 11:52 | Build | Palisade Wall |
| 12:04 | Build | Pasture |
| 12:07 | Build | Palisade Gate |
| 12:21 | Queue | Villager (Male) |
| 12:36 | Queue | Villager (Male) |
| 12:41 | Build | Pasture |
| 12:44 | Build | House |
| 12:45 | Build | Palisade Wall |
| 12:52 | Queue | Villager (Male) |
| 13:02 | Queue | Villager (Male) |
| 13:21 | Build | Archery Range |
| 13:28 | Build | Palisade Wall |
| 13:29 | Build | Palisade Wall |
| 14:03 | Queue | Villager (Male) |
| 14:09 | Build | Blacksmith |
| 14:11 | Build | Palisade Wall |
| 14:14 | Queue | Villager (Male) |
| 14:42 | Queue | Skirmisher |
| 14:44 | Queue | Skirmisher |
| 14:45 | Queue | Villager (Male) |
| 14:52 | Build | Mining Camp |
| 15:06 | Build | House |
| 15:10 | Research | Fletching |
| 15:11 | Queue | Skirmisher |
| 15:12 | Queue | Villager (Male) |
| 15:31 | Build | Palisade Wall |
| 15:33 | Build | Palisade Wall |
| 15:45 | Build | Palisade Wall |
| 15:48 | Queue | Skirmisher |
| 15:50 | Queue | Villager (Male) |
| 16:30 | Build | Pasture |
| 16:32 | Queue | Villager (Male) |
| 16:55 | Research | Padded Archer Armor |
| 16:56 | Queue | Villager (Male) |
| 16:58 | Queue | Archer |
| 17:24 | Research | Castle Age |
| 17:45 | Research | Padded Archer Armor |
| 18:04 | Research | Gold Mining |
| 18:16 | Build | Archery Range |
| 19:19 | Build | Palisade Wall |
| 19:32 | Build | House |
| 19:34 | Build | Palisade Wall |
| 20:04 | Age | Castle Age |
| 20:13 | Research | Elite Skirmisher (upgrade) |
| 20:14 | Queue | Skirmisher |
| 20:16 | Research | Bodkin Arrow |
| 20:16 | Queue | Villager (Male) |
| 20:19 | Research | Bow Saw |
| 20:39 | Queue | Villager (Male) |
| 20:44 | Research | Tech 1013 |
| 20:50 | Research | Leather Archer Armor |
| 20:51 | Queue | Villager (Male) |
| 20:58 | Queue | Skirmisher |
| 20:59 | Queue | Skirmisher |
| 20:59 | Queue | Villager (Male) |
| 21:17 | Queue | Villager (Male) |
| 21:42 | Queue | Villager (Male) |
| 22:10 | Queue | Villager (Male) |
| 22:14 | Build | Palisade Wall |
| 22:15 | Build | Palisade Wall |
| 22:31 | Queue | Cavalry Archer |
| 22:32 | Queue | Cavalry Archer |
| 22:54 | Queue | Skirmisher |
| 22:54 | Queue | Skirmisher |
| 23:05 | Queue | Villager (Male) |
| 23:20 | Queue | Villager (Male) |
| 23:28 | Build | Town Center |
| 23:43 | Research | Town Watch |
| 23:58 | Build | Palisade Wall |
| 24:03 | Queue | Villager (Male) |
| 24:04 | Queue | Villager (Male) |
| 24:26 | Queue | Villager (Male) |
| 24:30 | Queue | Villager (Male) |
| 24:31 | Queue | Villager (Male) |
| 24:41 | Queue | Villager (Male) |
| 24:42 | Queue | Villager (Male) |
| 25:08 | Build | Town Center |
| 25:13 | Queue | Villager (Male) |
| 25:14 | Queue | Villager (Male) |
| 25:18 | Build | Pasture |
| 25:21 | Queue | Villager (Male) |
| 25:41 | Build | Pasture |
| 25:46 | Build | House |
| 26:11 | Build | Pasture |
| 26:12 | Build | Pasture |
| 26:13 | Build | Pasture |
| 26:30 | Build | Pasture |
| 26:32 | Build | Pasture |
| 26:36 | Research | Town Patrol |
| 26:36 | Queue | Villager (Male) |
| 26:39 | Research | Stone Mining |
| 26:39 | Research | Stone Mining |
| 26:40 | Queue | Villager (Male) |
| 26:40 | Queue | Villager (Male) |
| 26:50 | Queue | Villager (Male) |
| 27:01 | Queue | Villager (Male) |
Match timeline
| 5:00 | 短路 · first_building Barracks |
| 5:55 | 短路 · wall_segment Palisade Wall x1 |
| 5:58 | 短路 · wall_segment Palisade Wall x1 |
| 5:59 | 短路 · wall_segment Palisade Wall x1 |
| 7:27 | andylam · first_building Barracks |
| 7:47 | 短路 · wall_segment Palisade Wall x1 |
| 7:51 | andylam · wall_segment Palisade Wall x1 |
| 7:53 | andylam · wall_segment Palisade Wall x1 |
| 7:54 | andylam · wall_segment Palisade Wall x1 |
| 7:56 | andylam · wall_segment Palisade Wall x1 |
| 7:59 | andylam · wall_segment Palisade Wall x1 |
| 8:01 | andylam · wall_segment Palisade Wall x1 |
| 8:09 | andylam · wall_segment Palisade Wall x1 |
| 8:10 | andylam · wall_segment Palisade Wall x1 |
| 8:11 | andylam · wall_segment Palisade Wall x1 |
| 8:12 | andylam · wall_segment Palisade Wall x1 |
| 9:16 | andylam · age_up feudal |
| 9:19 | andylam · first_building Stable |
| 9:25 | andylam · wall_segment Palisade Wall x1 |
| 9:48 | 短路 · wall_segment Palisade Wall x1 |
| 10:26 | 短路 · wall_segment Palisade Wall x9 |
| 10:55 | 短路 · age_up feudal |
| 10:56 | andylam · wall_segment Palisade Wall x1 |
| 10:58 | 短路 · first_building Archery Range |
| 11:52 | andylam · wall_segment Palisade Wall x1 |
| 12:17 | 短路 · wall_segment Palisade Wall x2 |
| 12:45 | andylam · wall_segment Palisade Wall x3 |
| 13:21 | andylam · first_building Archery Range |
| 13:28 | andylam · wall_segment Palisade Wall x10 |
| 13:29 | andylam · wall_segment Palisade Wall x2 |
| 14:11 | andylam · wall_segment Palisade Wall x1 |
| 14:20 | 短路 · wall_segment Palisade Wall x1 |
| 15:31 | andylam · wall_segment Palisade Wall x3 |
| 15:33 | andylam · wall_segment Palisade Wall x9 |
| 15:45 | andylam · wall_segment Palisade Wall x16 |
| 16:36 | 短路 · wall_segment Palisade Wall x1 |
| 17:33 | 短路 · wall_segment Palisade Wall x1 |
| 19:19 | andylam · wall_segment Palisade Wall x1 |
| 19:34 | andylam · wall_segment Palisade Wall x1 |
| 20:04 | andylam · age_up castle |
| 20:31 | 短路 · first_building Stable |
| 21:09 | 短路 · age_up castle |
| 22:14 | andylam · wall_segment Palisade Wall x1 |
| 22:15 | andylam · wall_segment Palisade Wall x1 |
| 23:58 | andylam · wall_segment Palisade Wall x1 |
| 25:00 | 短路 · first_market_buy 100 wood |
| 26:41 | 短路 · first_building Siege Workshop |
| 27:32 | andylam · first_building Siege Workshop |
| 32:58 | 短路 · first_building Castle |
| 33:01 | andylam · first_building Castle |
| 36:22 | andylam · age_up imperial |
| 39:18 | 短路 · first_market_sell 100 wood |
| 40:22 | andylam · wall_segment Palisade Wall x1 |
| 42:26 | andylam · first_market_sell 100 food |
| 42:28 | andylam · first_market_buy 100 stone |
| 42:33 | 短路 · first_building Monastery |
| 43:12 | 短路 · age_up imperial |
| 55:16 | 短路 · wall_segment Palisade Wall x1 |
| 55:51 | andylam · resign |
[ AI ANALYSIS · 1 CREDIT ]
What really happened in this match?
Wolo.gg analyzes every decision: build order, eco, micro, common mistakes by bracket. Personalized analysis on WhatsApp or Discord in 30 seconds.
Civ guide
Tatars
Perfil
Jugador #10935496